Selects Italian Coastal Battlegroup
Construct Infanterie Kompanie
Selects Artillery Officer
Construct Luftwaffe Kompanie
Flak 30 Anti-aircraft Gun Team
Selects Designate Defensive Line
Selects Designated Artillery Overwatch
Construct Panzer Kompanie
Designated Artillery Overwatch
Designated Artillery Overwatch
Designated Artillery Overwatch
Designated Artillery Overwatch
Construct Panzergrenadier Kompanie
Selects Obice da 210/22 Artillery Emplacement
Designated Artillery Overwatch
Designated Artillery Overwatch